 Dungeon Crawl Stone Soup version 0.31-a0-175-g9f7f995f2b (webtiles) character file.

Game seed: 9104217040828111665

131 qw the Chopper (level 5, -1/32 HPs)
             Began as a Gargoyle Fighter on June 17, 2023.
             Slain by an orc
             ... wielding a +0 trident
              (3 damage)
             ... on level 3 of the Dungeon.
             The game lasted 00:01:24 (1980 turns).

qw the Chopper (Gargoyle Fighter)                   Turns: 1980, Time: 00:01:25

Health: -1/32      AC: 10    Str: 22    XL:     5   Next: 14%
Magic:  5/5        EV:  9    Int:  8    God:
Gold:   137        SH:  4    Dex:  9    Spells: 4/4 levels left

rFire   . . .        Y - +0 war axe
rCold   . . .        c - +0 buckler
rNeg    + . .        b - +0 scale mail
rPois   inf          (no helmet)
rElec   +            (no cloak)
rCorr   +            (no gloves)
SInv    .            (no boots)
Will    .....        (no amulet) Stlth
                     n - ring of resist corrosion
HPRegen 0.25/turn    (no ring)
MPRegen 0.09/turn

%: no passive effects
@: no status effects
A: sickness immunity, AC +4, negative energy resistance 1, electricity
resistance, torment resistance 1, petrification resistance
a: no special abilities


You were on level 3 of the Dungeon.
You visited 1 branch of the dungeon, and saw 3 of its levels.

You collected 137 gold pieces.


Innate Abilities, Weirdness & Mutations

You are immune to sickness and miasma.
Your stone body is resilient. (AC +4)
You are immune to poison.
You resist negative energy. (rN+)
You are resistant to electric shocks. (rElec)
You are resistant to unholy torment.
You are immune to petrification.


   Skills:
 - Level 3.2 Fighting
 + Level 4.7 Axes
 - Level 3.2 Armour
 - Level 3.2 Shields


You had 4 spell levels left.
You didn't know any spells.
Your spell library was empty.

Inventory:

Hand Weapons
 e - a +0 whip
 l - a +0 mace of draining
 Y - a +0 war axe (weapon)
Armour
 b - a +0 scale mail (worn)
 c - a +0 buckler (worn)
Jewellery
 n - a ring of resist corrosion (left hand)
Scrolls
 i - a scroll of identify
Potions
 a - a potion of attraction
 d - 2 potions of might
 f - a potion of ambrosia {unknown}
 g - a potion of berserk rage {unknown}
 m - a potion of haste {unknown}

Dungeon Overview and Level Annotations

Branches:
Dungeon (3/15)

Altars:

Annotations:
D:1 exclusion: goblin
D:3 exclusions: 2 dart slugs and orc


Message History

You hit the orc but do no damage.
The orc splashes around in the water.
The orc completely misses you.
A dart slug comes into view.
Enter note: The orc attacks as you move away!
The orc hits you but does no damage.
You see here 4 stones.
The orc hits you from afar with a +0 trident!
The orc attacks as you move away! The orc barely misses you.
Enter note: You hit the orc but do no damage.
The orc barely misses you.
You hit the orc.
The orc is almost dead.
The orc closely misses you. The orc hits you but does no damage.
The orc closely misses you. The orc hits you but does no damage.
You closely miss the orc.
The orc is almost dead.
The orc hits you but does no damage. You block the orc's attack.
You barely miss the orc.
The orc is almost dead.
The orc closely misses you. The orc hits you with a +0 mace.
You barely miss the orc.
The orc is severely wounded.
The orc barely misses you. The orc hits you but does no damage.
The orc closely misses you. x2
You hit the orc but do no damage.
The orc is severely wounded.
The orc hits you but does no damage. The orc hits you with a +0 mace.
You hit the orc.
The orc is severely wounded.
The orc hits you but does no damage. The orc hits you with a +0 mace.
You hit the orc.
You kill the orc!
The orc barely misses you.
1977 ||| FLEEEEING.
Found a stone staircase leading down.
The orc hits you from afar with a +0 trident.
1978 ||| FLEEEEING.
1979 ||| FLEEEEING.
The orc hits you with a +0 trident.
You die...

~~.?.~~~~~#~....%.........
~~~.~~~~~~)~......<.......
~~..~~~~~%~...............
~~./(w~~#~................
~~..~#~~#~..............##
~~~~~~~#~........#.######
~~ #.#(#........# ~.
##..##)#.##>.# .
#####.o@....# #####.....#
##..>.. ###.


You could see an orc.

Vanquished Creatures
  An orc priest (D:2)
  An adder (D:2)
  3 worms (D:2)
  5 dart slugs
  5 orcs
  8 ball pythons
  3 bats
  6 endoplasms
  3 giant cockroaches
  7 goblins
  8 hobgoblins
  4 kobolds
  3 quokkas
  2 frilled lizards
  8 rats
67 creatures vanquished.

Notes
Turn   | Place    | Note
-------+----------+-------------------------------------------
     0 | D:1      | qw the Gargoyle Fighter began the quest for the Orb.
     0 | D:1      | Reached XP level 1. HP: 14/14 MP: 1/1
     0 | D:1      | 0 ||| qw: Version: 0.3-a-2-g5ab2908
     0 | D:1      | 0 ||| qw: Game counter: 364
     0 | D:1      | 0 ||| qw: Always use a shield: true
     0 | D:1      | 0 ||| qw: God list: Okawaru
     0 | D:1      | 0 ||| qw: Allow faded altars: false
     0 | D:1      | 0 ||| qw: Do Orc after D:15 true
     0 | D:1      | 0 ||| qw: Do second Lair branch before Depths: true
     0 | D:1      | 0 ||| qw: Lair rune preference: random
     0 | D:1      | 0 ||| qw: Plans: Normal, Zot:1-4, Slime:5, God:TSO, Crypt,
                  | Tomb, Abyss, Pan, Hells, Win
     0 | D:1      | 0 ||| PLANNING D:1-11
    45 | D:1      | Reached skill level 2 in Axes
   147 | D:1      | Reached XP level 2. HP: 12/19 MP: 2/2
   411 | D:1      | 411 ||| Stepping ~*~*~tactically~*~*~ (stealth).
   426 | D:1      | Reached skill level 3 in Axes
   453 | D:1      | 453 ||| Stepping ~*~*~tactically~*~*~ (stealth).
   456 | D:1      | 456 ||| Stepping ~*~*~tactically~*~*~ (stealth).
   459 | D:1      | Reached XP level 3. HP: 23/23 MP: 3/3
   776 | D:1      | 776 ||| UPGRADING to ring of resist corrosion.
   777 | D:1      | 777 ||| READING scroll labelled JEOBOS QIOPE.
   778 | D:1      | 778 ||| READING scroll labelled SADYKLILOR.
   779 | D:1      | 779 ||| READING 2 scrolls labelled BICSIAR REDU.
   780 | D:1      | 780 ||| READING scroll labelled KEFYMAUTAWN.
   821 | D:1      | 821 ||| Stepping ~*~*~tactically~*~*~ (stealth).
   823 | D:1      | 823 ||| Stepping ~*~*~tactically~*~*~ (hiding).
   988 | D:2      | 988 ||| Stepping ~*~*~tactically~*~*~ (stealth).
   993 | D:2      | 993 ||| Stepping ~*~*~tactically~*~*~ (stealth).
  1007 | D:2      | 1007 ||| Stepping ~*~*~tactically~*~*~ (hiding).
  1012 | D:2      | 1012 ||| FLEEEEING.
  1014 | D:2      | 1014 ||| FLEEEEING.
  1015 | D:2      | 1015 ||| FLEEEEING.
  1016 | D:2      | 1016 ||| FLEEEEING.
  1017 | D:2      | 1017 ||| Stepping ~*~*~tactically~*~*~ (stealth).
  1018 | D:2      | 1018 ||| FLEEEEING.
  1019 | D:2      | 1019 ||| FLEEEEING.
  1090 | D:2      | 1090 ||| Stepping ~*~*~tactically~*~*~ (stealth).
  1102 | D:2      | Reached XP level 4. HP: 28/28 MP: 4/4
  1284 | D:2      | Identified the +2 robe "Anuuhoon" {rN+ Will+ Int+3}
  1313 | D:2      | Reached skill level 4 in Axes
  1345 | D:2      | 1345 ||| DROPPING +0 club.
  1365 | D:2      | 1365 ||| Stepping ~*~*~tactically~*~*~ (hiding).
  1748 | D:2      | 1748 ||| READING scroll labelled YSOTOMM LESE.
  1749 | D:2      | 1749 ||| READING scroll labelled ERIOVOLAPT.
  1754 | D:2      | 1754 ||| READING 2 scrolls of identify.
  1754 | D:2      | 1754 ||| IDENTIFYING blue potion
  1782 | D:3      | 1782 ||| STAIRDANCE
  1788 | D:2      | HP: 5/28 [orc/+0 hand axe (3)]
  1793 | D:2      | HP: 2/28 [orc/+0 hand axe (3)]
  1905 | D:3      | 1905 ||| STAIRDANCE
  1908 | D:2      | Reached XP level 5. HP: 28/32 MP: 5/5
  1936 | D:3      | 1936 ||| Stepping ~*~*~tactically~*~*~ (stealth).
  1938 | D:3      | 1938 ||| Stepping ~*~*~tactically~*~*~ (hiding).
  1960 | D:3      | 1960 ||| Stepping ~*~*~tactically~*~*~ (water).
  1972 | D:3      | HP: 8/32 [orc/+0 mace (3)]
  1977 | D:3      | 1977 ||| FLEEEEING.
  1977 | D:3      | HP: 2/32 [orc/+0 trident (4)]
  1978 | D:3      | 1978 ||| FLEEEEING.
  1979 | D:3      | 1979 ||| FLEEEEING.
  1980 | D:3      | Slain by an orc

Levels and vault maps discovered:
D:1:      moated_graveyard_arrival, layout_loops_cross, minmay_pentomino_x4
D:2:      layout_loops_ring, grunt_ministairs_11
D:3:      kennysheep_slugbush, layout_rooms, okawaru_trees_1, uniq_natasha

Skill      XL: |  1  2  3  4 |
---------------+-------------+-----
Axes           | 2 3 4 |  4.7
Fighting       | |  3.2
Armour         | |  3.2
Shields        | |  3.2

Action                     |  1- 3 |  4- 6 || total
---------------------------+-------+-------++-------
  Melee: War axe           |   112 |    74 ||   186
    Use: Scroll            |     4 |     3 ||     7
 Armour: Scale mail        |    50 |    47 ||    97
  Dodge: Dodged            |    42 |    37 ||    79
  Block: Buckler           |    11 |    19 ||    30

Table legend:
 A = Non-vault XP
 B = Vault XP
 C = Vault XP percentage of total XP
 D = Non-vault monster count
 E = Vault monster count
 F = Vault count percentage of total count
                 A         B        C        D         E       F
            +---------+---------+-------+---------+---------+-------
      Total |     166 |      22 |  11.7 |      59 |       8 |  11.9
            +---------+---------+-------+---------+---------+-------
        D:1 |      46 |       5 |   9.8 |      26 |       3 |  10.3
        D:2 |     113 |       1 |   0.9 |      30 |       1 |   3.2
        D:3 |       7 |      16 |  69.6 |       3 |       4 |  57.1
            +---------+---------+-------+---------+---------+-------
